 Dungeon Crawl Stone Soup version 0.31.0-11-ge490571c62 (webtiles) character file.

Game seed: 7034566024324313740

127 qw the Skirmisher (level 4, -1/25 HPs)
             Began as a Deep Elf Hunter on Feb 5, 2024.
             Slain by a bullfrog (6 damage)
             ... in a sewer.
             The game lasted 00:00:40 (2247 turns).

qw the Skirmisher (Deep Elf Hunter)                 Turns: 2247, Time: 00:00:40

Health: -1/25      AC:  3    Str: 10    XL:     4   Next: 85%
Magic:  6/6        EV: 12    Int: 14    God:
Gold:   147        SH:  0    Dex: 18    Spells: 3/3 levels left

rFire   . . .        a - +0 shortbow
rCold   . . .        (shield currently unavailable)
rNeg    . . .        c - +0 leather armour
rPois   .            (no helmet)
rElec   .            (no cloak)
rCorr   .            (no gloves)
SInv    .            (no boots)
Will    .....        (no amulet)
Stlth   ++           (no ring)
HPRegen 0.24/turn    (no ring)
MPRegen 0.10/turn

%: no passive effects
@: no status effects
A: no striking features
a: no special abilities


You were in a sewer.
You visited 1 branch of the dungeon, and saw 3 of its levels.
You also visited: Sewer.

You collected 147 gold pieces.


   Skills:
 - Level 1.5 Fighting
 + Level 8.3 Ranged Weapons
 - Level 2.4 Dodging
 - Level 1.2 Stealth


You had 3 spell levels left.
You didn't know any spells.
Your spell library was empty.

Inventory:

Hand Weapons
 a - a +0 shortbow (weapon)
Armour
 c - a +0 leather armour (worn)
Scrolls
 d - 2 scrolls of identify
Potions
 b - a potion of mutation

Dungeon Overview and Level Annotations

Branches:
Dungeon (3/15)              Sewer (1/1)

Altars:


Message History

The arrow barely misses the ball python.
The arrow hits the giant cockroach but does no damage.
You shoot an arrow.
The arrow barely misses the ball python.
The ball python barely misses you. x2
You shoot an arrow. The arrow hits the ball python.
The ball python is moderately wounded.
The ball python barely misses you. The ball python misses you.
You shoot an arrow.
The arrow closely misses the ball python.
The bullfrog croaks.
The arrow hits the giant cockroach.
The giant cockroach is severely wounded.
You hear an angry hiss.
The ball python bites you but does no damage.
The ball python grabs you. The ball python constricts you.
You shoot an arrow. The arrow hits the ball python.
You kill the ball python!
A bullfrog comes into view.
Enter note: You shoot an arrow.
The arrow closely misses the bullfrog.
The bullfrog hits you.
You shoot an arrow. The arrow hits the bullfrog!
The bullfrog is heavily wounded.
The bullfrog hits you.
You shoot an arrow. The arrow hits the bullfrog.
The bullfrog is heavily wounded.
The bullfrog hits you but does no damage.
The bullfrog barely misses you. The bullfrog hits you.
You shoot an arrow. The arrow barely misses the bullfrog.
The bullfrog hits you but does no damage.
The bullfrog closely misses you. The bullfrog hits you.
You shoot an arrow. The arrow hits the bullfrog.
The bullfrog is severely wounded.
The bullfrog hits you. The bullfrog completely misses you.
The bullfrog closely misses you.
You shoot an arrow.
The arrow completely misses the bullfrog.
The bullfrog hits you.
You die...

#.\.\..%~~.~~~~~~~~~~~~
########..~~~~~~~~~.###
########~~~~.#
#######################~~~~.#
.......%..%.........~~..~~~~#
~~~~~~~%~~~~~~~~~~~~~~~~~~~~#
~~~~~~~~~~~~~~~~~~~~~~~~~~~.#
~~~~~~~~~~~~~~~~~~~~~~~~~~~~#
..~~~~~~~~~~...F@....~~.~~~~#
~~~~~~~~~~~~~~~F#######.~~~~#
~~~~~~~~~~~~~~~~~~ #.~~~.#
~~~~~~~.%~~~~~~~~~ #.~~~.#
~~~~ ~.~~~~~ #.~~~.# ~~~
~?B~~~~ #~~~~.# ~~~ $$$.~~~
#~~~~%# ~~~ ?$.~.~~ #~~~~.#
~~~ #~~~~~#


You could see 2 bullfrogs and a giant cockroach.

Vanquished Creatures
  3 adders
  9 dart slugs
  A ribbon worm (D:2)
  2 orcs (D:3)
  15 ball pythons
  3 endoplasms
  14 giant cockroaches
  A goblin (D:3)
  2 hobgoblins
  4 kobolds
  5 quokkas
  2 bats
  6 frilled lizards
  4 rats
71 creatures vanquished.

Notes
Turn   | Place    | Note
-------+----------+-------------------------------------------
     0 | D:1      | qw the Deep Elf Hunter began the quest for the Orb.
     0 | D:1      | Reached XP level 1. HP: 12/12 MP: 3/3
     0 | D:1      | 0 ||| qw: Version: 0.3-a-160-g6735b56
     0 | D:1      | 0 ||| qw: Game counter: 6157
     0 | D:1      | 0 ||| qw: Melee chars always use a shield: true
     0 | D:1      | 0 ||| qw: God list: Okawaru
     0 | D:1      | 0 ||| qw: Allow faded altars: false
     0 | D:1      | 0 ||| qw: Do Orc after clearing Dungeon:15 true
     0 | D:1      | 0 ||| qw: Do second Lair branch before Depths: true
     0 | D:1      | 0 ||| qw: Lair rune preference: random
     0 | D:1      | 0 ||| qw: Goals: Normal
     0 | D:1      | 0 ||| PLANNING D:1-11
   298 | D:1      | Reached skill level 6 in Ranged Weapons
   298 | D:1      | Reached XP level 2. HP: 16/16 MP: 4/4
   334 | D:1      | Found a faded altar of an unknown god.
   947 | D:1      | 947 ||| READING 2 scrolls labelled VIEFIA RUKEACWIUKK.
   947 | D:1      | 947 ||| IDENTIFYING scroll labelled TUBLUM POIQ
   948 | D:1      | 948 ||| DROPPING scroll of butterflies.
   949 | D:1      | 949 ||| DROPPING scroll of revelation.
  1046 | D:2      | Reached XP level 3. HP: 7/20 MP: 5/5
  1052 | D:2      | 1052 ||| FLEEEEING.
  1053 | D:2      | 1053 ||| FLEEEEING.
  1054 | D:2      | 1054 ||| FLEEEEING.
  1055 | D:2      | 1055 ||| FLEEEEING.
  1056 | D:2      | 1056 ||| FLEEEEING.
  1057 | D:2      | 1057 ||| FLEEEEING.
  1058 | D:2      | 1058 ||| FLEEEEING.
  1059 | D:2      | 1059 ||| FLEEEEING.
  1060 | D:2      | 1060 ||| FLEEEEING.
  1061 | D:2      | 1061 ||| FLEEEEING.
  1062 | D:2      | 1062 ||| STAIRDANCE
  1100 | D:1      | 1100 ||| READING scroll of identify.
  1100 | D:1      | 1100 ||| IDENTIFYING scroll labelled XOOSEWUIWU
  1101 | D:1      | 1101 ||| DROPPING scroll of immolation.
  1396 | D:2      | Reached skill level 7 in Ranged Weapons
  1728 | D:2      | 1728 ||| FLEEEEING.
  1729 | D:2      | 1729 ||| FLEEEEING.
  1730 | D:2      | 1730 ||| FLEEEEING.
  1731 | D:2      | 1731 ||| FLEEEEING.
  1732 | D:2      | 1732 ||| FLEEEEING.
  1733 | D:2      | 1733 ||| FLEEEEING.
  1734 | D:2      | 1734 ||| FLEEEEING.
  1763 | D:2      | 1763 ||| READING scroll of identify.
  1763 | D:2      | 1763 ||| IDENTIFYING fuming blue potion
  1770 | D:3      | 1770 ||| PLANNING SEWER
  1916 | D:3      | Found a glowing drain.
  1919 | D:3      | 1919 ||| READING 4 scrolls of identify.
  1919 | D:3      | 1919 ||| IDENTIFYING fizzy pink potion
  1920 | D:3      | 1920 ||| READING 3 scrolls of identify.
  1920 | D:3      | 1920 ||| IDENTIFYING silvery potion
  1921 | D:3      | 1921 ||| DROPPING potion of lignification.
  1922 | D:3      | 1922 ||| DROPPING potion of degeneration.
  1955 | Sewer    | Entered a sewer
  1957 | Sewer    | Reached XP level 4. HP: 25/25 MP: 6/6
  2088 | Sewer    | Reached skill level 8 in Ranged Weapons
  2236 | Sewer    | Noticed a bullfrog
  2241 | Sewer    | Noticed a bullfrog
  2246 | Sewer    | HP: 5/25 [bullfrog (6)]
  2247 | Sewer    | Slain by a bullfrog

Levels and vault maps discovered:
D:1:      roderic_chinese_lattice_arrival, layout_loops_corners,
          chequers_ecumenical_altar_lobes, serial_bayou_lake_a
D:2:      layout_loops_ring
D:3:      layout_rooms, gup_sewer_entry_pipe
Sewer:    sewer_frog_island_01

Skill      XL: |  1  2  3  4 |
---------------+-------------+-----
Ranged Weapons | 6 7 8 |  8.3
Fighting       | |  1.5
Dodging        | |  2.4
Stealth        | |  1.2

Action                     |  1- 3 |  4- 6 || total
---------------------------+-------+-------++-------
   Fire: Shortbow          |   114 |    69 ||   183
    Use: Scroll            |     5 |       ||     5
 Armour: Leather armour    |    22 |    23 ||    45
  Dodge: Dodged            |    19 |    33 ||    52

Table legend:
 A = Non-vault XP
 B = Vault XP
 C = Vault XP percentage of total XP
 D = Non-vault monster count
 E = Vault monster count
 F = Vault count percentage of total count
                 A         B        C        D         E       F
            +---------+---------+-------+---------+---------+-------
      Total |      82 |     100 |  54.9 |      36 |      35 |  49.3
            +---------+---------+-------+---------+---------+-------
        D:1 |      26 |       0 |   0.0 |      14 |       0 |   0.0
        D:2 |      42 |       0 |   0.0 |      15 |       0 |   0.0
        D:3 |      14 |      14 |  50.0 |       7 |       7 |  50.0
      Sewer |       0 |      86 | 100.0 |       0 |      28 | 100.0
            +---------+---------+-------+---------+---------+-------
